 Dungeon Crawl Stone Soup version 0.25-a0-294-gea9b1ad378 (webtiles) character file.

Game seed: 8225947159115549644, levelgen mode: deterministic

665 Lanoc the Shooter (level 7, -3/55 HPs)
             Began as a Human Hunter on Dec 18, 2019.
             Was a Follower of Ashenzari.
             Slain by a water moccasin zombie (5 damage)
             ... in an ossuary.
             The game lasted 00:11:46 (6259 turns).

Lanoc the Shooter (Human Hunter)                    Turns: 6259, Time: 00:11:46

Health: -3/55      AC:  3    Str: 17    XL:     7   Next: 87%
Magic:  0/7        EV: 19    Int: 12    God:    Ashenzari [*.....]
Gold:   634        SH:  0    Dex: 20    Spells: 6/6 levels left

rFire    . . .     SeeInvis .   b - +0 short sword
rCold    + . .     Gourm    .   (no shield)
rNeg     . . .     Faith    .   c - +0 leather armour
rPois    .         Spirit   +   (no helmet)
rElec    .         Reflect  .   i - scarf {Spirit} (curse)
rCorr    .         Harm     .   (no gloves)
MR       .....                  (no boots)
Stlth    ++++......             (no amulet)
HPRegen  0.18/turn              u - ring of stealth
MPRegen  0.10/turn              F - ring of protection from cold

@: mighty, agile
A: no striking features
a: Curse Item, Scrying, Renounce Religion


You were in an ossuary.
You worshipped Ashenzari.
Ashenzari was aware of your devotion.
You were not hungry.

You visited 2 branches of the dungeon, and saw 6 of its levels.
You also visited: Ossuary.

You collected 634 gold pieces.

Inventory:

Hand Weapons
 a - a +1 shortbow
 b - a +0 short sword (weapon)
Missiles
 d - 50 arrows
 j - 60 bolts
 k - 37 sling bullets
 l - 124 stones (quivered)
Armour
 c - a +0 leather armour (worn)
 i - a cursed scarf of spirit shield (worn)
 E - the +5 plate armour of True Grit {rN+ Regen+}
   (You found it on level 5 of the Dungeon)

   It protects you from negative energy.
   It increases your rate of regeneration.
Jewellery
 u - a ring of stealth (left hand)
 z - an uncursed ring of wizardry
 F - a ring of protection from cold (right hand)
Wands
 A - a wand of acid (11)
 B - a wand of disintegration (10)
Scrolls
 e - 3 scrolls of amnesia {unknown}
 g - 6 scrolls of identify {unknown}
 m - 2 scrolls of enchant weapon {unknown}
 o - a scroll of fear {unknown}
 q - a scroll of fog {unknown}
 s - 4 scrolls of teleportation {unknown}
 y - 2 scrolls of blinking {unknown}
Potions
 h - a potion of flight {unknown}
 n - a potion of agility
 p - a potion of might
 r - a potion of magic {unknown}
 t - 2 potions of curing {unknown}
 v - a potion of mutation {unknown}
 w - a potion of resistance {unknown}
 C - a potion of brilliance {unknown}
Comestibles
 f - 10 rations


   Skills:
 + Level 4.4 Fighting
 * Level 6.9 Bows
 + Level 4.3 Dodging
 - Level 1.0 Stealth


You had 6 spell levels left.
You didn't know any spells.
Your spell library was empty.

Dungeon Overview and Level Annotations

Branches:
Dungeon (5/15)             Temple (1/1) D:4         Ossuary (1/1)

Altars:
Ashenzari
Cheibriados
Gozag
Kikubaaqudgha
Qazlal
Sif Muna
Vehumet
Xom
The Shining One

Annotations:
D:3 2 runed translucent doors, treziel's ghost, amateur GrBe


Message History

The water moccasin zombie bites you.
* * * LOW HITPOINT WARNING * * *
The water moccasin zombie bites you.
* * * LOW HITPOINT WARNING * * *
It was a potion of agility.
You feel agile all of a sudden.
The water moccasin zombie completely misses you.
It was a potion of might.
You feel very mighty all of a sudden. The water moccasin zombie bites you.
* * * LOW HITPOINT WARNING * * *
b - a +0 short sword (weapon)
The water moccasin zombie closely misses you.
You puncture the water moccasin zombie!
The water moccasin zombie is heavily damaged.
The water moccasin zombie closely misses you.
You closely miss the water moccasin zombie.
The water moccasin zombie is heavily damaged.
The water moccasin zombie bites you.
You die...

#^^.# #^^^# ###+#
###'# #...# #...#
#...# #...# #...#
#...# #..Z# #...#
#'#################'##
#^^^(.Z@'^^.^#...#^.^#
#^.^#.Z.#^^^^#...'^^^#
#∩^.#...#^^.^'...#^.^#
######################


You could see a water moccasin zombie and a hobgoblin zombie.

Vanquished Creatures
  A bullfrog (D:4)
  A water moccasin zombie (Ossuary)
  2 hounds (D:4)
  A centaur skeleton (D:5)
  An orc wizard (D:4)
  5 iguanas (D:4)
  A worker ant (D:4)
  2 big kobold zombies (Ossuary)
  A mummy (D:5)
  10 adders
  An ooze (D:2)
  An adder skeleton (D:4)
  5 adder zombies (Ossuary)
  2 worms
  3 dart slugs
  5 leopard geckos
  3 orcs (D:4)
  4 ball pythons
  2 giant cockroaches
  3 gnoll zombies (Ossuary)
  8 goblins
  6 hobgoblins
  7 jackals
  7 kobolds
  2 quokkas
  4 bats
  6 frilled lizards
  A goblin zombie (D:5)
  2 hobgoblin zombies (Ossuary)
  2 orc zombies
  10 rats
109 creatures vanquished.

Notes
Turn   | Place    | Note
-------+----------+-------------------------------------------
     0 | D:1      | Lanoc the Human Hunter began the quest for the Orb.
     0 | D:1      | Reached XP level 1. HP: 16/16 MP: 1/1
     6 | D:1      | You fall into a shaft and drop 1 floor!
    21 | D:2      | Found a shattered altar of Ashenzari.
    22 | D:2      | Reached XP level 2. HP: 22/22 MP: 2/2
    40 | D:2      | Became a worshipper of Ashenzari the Shackled
   238 | D:2      | Reached XP level 3. HP: 16/28 MP: 3/3
   843 | D:2      | Reached XP level 4. HP: 32/34 MP: 4/4
  1578 | D:1      | Reached skill level 5 in Bows
  1875 | D:2      | Reached XP level 5. HP: 28/41 MP: 5/5
  2149 | D:3      | Found a large runed translucent door.
  2149 | D:3      | Found a large runed translucent door.
  2152 | D:3      | Noticed treziel's ghost (amateur GrBe)
  2813 | D:3      | Reached * piety under Ashenzari
  2933 | D:3      | Found a radiant altar of Vehumet.
  3313 | D:4      | Found a glowing golden altar of the Shining One.
  3575 | D:4      | Found a shimmering blue altar of Sif Muna.
  3621 | D:4      | Found an ancient bone altar of Kikubaaqudgha.
  3664 | D:4      | Noticed a bullfrog
  3680 | D:4      | Reached XP level 6. HP: 35/47 MP: 3/6
  3811 | D:4      | Reached skill level 6 in Bows
  4424 | D:4      | Reached XP level 7. HP: 53/53 MP: 7/7
  4789 | D:4      | Found an opulent altar of Gozag.
  4792 | D:4      | Found a stormy altar of Qazlal.
  4818 | D:4      | Found a staircase to the Ecumenical Temple.
  4824 | Temple   | Entered the Ecumenical Temple
  5141 | D:5      | Entered Level 5 of the Dungeon
  5150 | D:5      | Got the uncursed plate armour of True Grit {rN+ Regen+}
  5218 | D:5      | Found a sand-covered staircase.
  5367 | Ossuary  | Entered an ossuary
  6252 | Ossuary  | HP: 2/55 [water moccasin zombie (4)]
  6259 | Ossuary  | Slain by a water moccasin zombie

Levels and vault maps discovered:
D:1:      shiori_arrival_elements, layout_basic
D:2:      layout_loops_ring, evilmike_ruin_ashenzari, serial_glass,
          glass_columns_b, glass_columns_c, minivault_14,
          kennysheep_generic_room_5
D:3:      layout_basic, overflow_temple_1_default, first_ration,
          ebering_ghost_disaster_area
D:4:      minmay_polygon_palace, layout_loops_ring, kiku_gazebo_garden_becter,
          led_sif_pool, nicolae_overflow_crystal_walls, minitemple,
          temple_statues, corexii_hall_statues_deadend, minmay_fractal_squares_5
D:5:      lemuel_upstairs_altar, layout_cave_pools, nicolae_ossuary_entry_giza,
          serial_column_ruins, column_ruins_corridor_straight,
          column_ruins_grid_1, column_ruins_corridor_straight,
          column_ruins_grid_1, column_ruins_open_small, column_ruins_open_tiny
Temple:   compressed_dpeg_circular_temple
Ossuary:  ossuary_tomb_2

Skill      XL: |  1  2  3  4  5  6  7 |
---------------+----------------------+-----
Bows           | 5 6 |  6.9
Fighting       | 3 4 |  4.4
Dodging        | 3 4 |  4.3
Stealth        | |  1.0

Action                   |  1- 3 |  4- 6 |  7- 9 || total
-------------------------+-------+-------+-------++-------
Melee: Short sword       |     4 |   193 |   166 ||   363
 Fire: Shortbow          |    56 |    88 |    75 ||   219
Invok: Curse Item        |       |     1 |       ||     1
  Use: Potion            |       |       |     2 ||     2
 Stab: Sleeping          |       |     4 |     1 ||     5
  Eat: Chunk             |       |    11 |     3 ||    14
       Ration            |       |       |     1 ||     1
Armor: Leather armour    |     2 |    55 |    28 ||    85
Dodge: Dodged            |    16 |   166 |   178 ||   360

Table legend:
 A = Non-vault XP
 B = Vault XP
 C = Vault XP percentage of total XP
 D = Non-vault monster count
 E = Vault monster count
 F = Vault count percentage of total count
                 A         B        C        D         E       F
            +---------+---------+-------+---------+---------+-------
      Total |     415 |     535 |  56.3 |      74 |      35 |  32.1
            +---------+---------+-------+---------+---------+-------
        D:1 |      37 |       0 |   0.0 |      21 |       0 |   0.0
        D:2 |      91 |      15 |  14.2 |      29 |       2 |   6.5
        D:3 |      54 |       0 |   0.0 |      10 |       0 |   0.0
        D:4 |     191 |     322 |  62.8 |      12 |      16 |  57.1
        D:5 |      42 |      20 |  32.3 |       2 |       3 |  60.0
    Ossuary |       0 |     178 | 100.0 |       0 |      14 | 100.0
            +---------+---------+-------+---------+---------+-------
